 Adventure DCSS version bcrawl-1.18 (webtiles) character file.

Game seed: 2037218866404625783

8 polve the Skirmisher (level 2, 0/19 HPs)
             Began as a Vine Stalker Fighter on Oct 27, 2019.
             Slain by a leopard gecko (3 damage)
             ... on level 3 of the Dungeon on Oct 31, 2019.
             The game lasted 00:01:17 (1268 turns).

polve the Skirmisher (Vine Stalker Fighter)         Turns: 1268, Time: 00:01:17

Health: 0/19       AC: 11    Str: 19    XL:     2   Next: 8%
Magic:  12/12      EV:  0    Int:  8    God:
Gold:   145        SH: 10    Dex: 14    Spells: 1/1 levels left
                                        Lives:  0   Deaths: 2

rFire    . . .     SeeInvis .   a - +0 long sword
rCold    . . .     Gourm    .   c - +0 shield
rNeg     . . .     Faith    .   j - +0 plate armour
rPois    .         Spirit   .   (no helmet)
rElec    .         Reflect  .   (no cloak)
rCorr    .         Harm     .   (no gloves)
MR       .....                  (no boots)
Stlth    ..........             (no amulet)
HPRegen  0.46/turn              i - ring of magical power
MPRegen  0.13/turn              (no ring)

@: constricted
A: fangs 2, regeneration 1, no potion heal 3, rot immunity, strong jaws
a: no special abilities


You were on level 3 of the Dungeon.
You were not hungry.

You visited 1 branch of the dungeon, and saw 3 of its levels.

You collected 145 gold pieces.

Inventory:

Hand Weapons
 a - a +0 long sword (weapon)
Armour
 c - a +0 shield (worn)
 j - a +0 plate armour (worn)
Jewellery
 i - a ring of magical power (left hand)
Scrolls
 e - 3 scrolls of immolation {unknown}
 g - 2 scrolls of identify {unknown}
 k - a scroll of blinking {unknown}
Potions
 b - a potion of curing {unknown}
 d - a potion of might
 h - a potion of degeneration {unknown}
 l - a potion of brilliance {unknown}
Comestibles
 f - 4 rations {!d}


   Skills:
 + Level 3.1 Fighting
 + Level 2.3 Long Blades
 + Level 2.9 Armour
 + Level 0.9 Dodging
 + Level 3.1 Shields


You had one spell level left.
You didn't know any spells.
Your spell library was empty.

Dungeon Overview and Level Annotations

Branches:
Dungeon (3/12)

Altars:


Innate Abilities, Weirdness & Mutations

You have extremely sharp teeth.
Your natural rate of healing is unusually fast.
Potions cannot restore your health.
You are immune to rotting.
Your bites deal extra damage.


Message History

* * * LOW HITPOINT WARNING * * *
The ball python constricts you. You block the leopard gecko's attack.
The ball python bites you but does no damage.
The ball python constricts you. You block the leopard gecko's attack.
You block the ball python's attack. The ball python constricts you.
The leopard gecko bites you but does no damage.
The ball python completely misses you. The ball python constricts you.
The leopard gecko bites you.
* * * LOW HITPOINT WARNING * * *
You block the ball python's attack. The ball python constricts you.
The leopard gecko bites you but does no damage.
You block the ball python's attack. The ball python constricts you.
The leopard gecko bites you but does no damage.
The ball python bites you but does no damage.
The ball python constricts you.
The leopard gecko bites you but does no damage.
The ball python bites you.
* * * LOW HITPOINT WARNING * * *
The ball python constricts you. The leopard gecko bites you.
You die...

##### ....# ....#
....# .. ##....###
....###........
.......Sl......
....##@######
.............#####
####..............
#..............
#.....###(.....
.......# ......
........# #####
.........
....##...


You could see a leopard gecko and a ball python.

Vanquished Creatures
  An adder (D:3)
  2 oozes
  A worm (D:2)
  2 dart slugs (D:2)
  A leopard gecko (D:1)
  6 bats
  2 giant cockroaches (D:1)
  5 goblins
  3 hobgoblins (D:2)
  5 frilled lizards
  6 kobolds
  5 rats
39 creatures vanquished.

Notes
Turn   | Place    | Note
-------+----------+-------------------------------------------
     0 | D:1      | polve the Vine Stalker Fighter began the quest for the Orb.
     0 | D:1      | Reached XP level 1. HP: 13/13 MP: 2/2
   231 | D:1      | Reached XP level 2. HP: 19/19 MP: 3/3
   712 | D:2      | Reached XP level 3. HP: 21/23 MP: 4/4
  1190 | D:3      | Reached XP level 4. HP: 26/28 MP: 5/5
  1205 | D:3      | Killed from afar by an orc priest
  1206 | D:3      | Reached XP level 3. HP: -5/23 MP: 13/13
  1215 | D:3      | Killed from afar by an orc priest
  1216 | D:3      | Reached XP level 2. HP: -3/19 MP: 12/12
  1216 | D:3      | Upgraded the game from bcrawl-1.17.3 to bcrawl-1.18
  1268 | D:3      | Slain by a leopard gecko

Skill      XL: |  1  2  3 |
---------------+----------+-----
Fighting       | 3 |  3.1
Long Blades    | 2 |  2.3
Shields        | 3 |  3.1
Armour         | |  2.9
Dodging        | |  0.9

Action                   |  1- 3 |  4- 6 || total
-------------------------+-------+-------++-------
Melee: Long sword        |   128 |    14 ||   142
       Bite              |    12 |     3 ||    15
  Eat: Chunk             |     1 |       ||     1
Armor: Scale mail        |    54 |       ||    54
       Plate armour      |    86 |       ||    86
Dodge: Dodged            |    43 |     3 ||    46
Block: Shield            |   127 |     5 ||   132
